 Dungeon Crawl Stone Soup version 0.19.0-11-g3fc08b3 (console) character file.

378868 nht the Slayer (level 22, -11/273 HPs)
             Began as an Ogre Berserker on Nov 8, 2016.
             Was the Champion of Trog.
             Killed from afar by a frost giant (45 damage)
             ... with a bolt of cold
             ... on level 4 of the Depths on Nov 9, 2016.
             The game lasted 02:36:19 (43423 turns).

nht the Slayer (Ogre Berserker)                    Turns: 43423, Time: 02:36:20

Health: -11/273    AC: 16    Str: 35    XL:     22   Next: 84%
Magic:  7/7        EV: 10    Int: 11    God:    Trog [******]
Gold:   4775       SH: 22    Dex: 11    Spells: 0 memorised, 21 levels left

rFire  + + .     SeeInvis +     b - +6 eveningstar (antimagic)
rCold  . . .     Gourm    .     y - +0 swamp dragon scales
rNeg   . . .     Faith    .     H - +0 large shield
rPois  +         Spirit   .     Y - +0 mask of the Dragon {MR+ Slay+3 SInv}
rElec  .         Reflect  .     W - +1 cloak of the Hurricane {rF++ rC- Int+3 Dex+2}
rCorr  +         Harm     .     (gloves unavailable)
MR     +++++     Clarity  +     (boots unavailable)
Stlth  +.........               A - amulet of regeneration
                                K - ring of resist corrosion
                                n - ring "Axelesh" {rC+ Int+2}

@: exhausted, very slightly contaminated, regenerating, hasted and slowed
A: unfitting armour, icy blue scales 1, clarity, poison resistance, tough skin 1
a: Berserk, Trog's Hand, Brothers in Arms, Burn Spellbooks, Renounce Religion
}: 2/15 runes: decaying, gossamer


You were on level 4 of the Depths.
You worshipped Trog.
Trog was exalted by your worship.
You were not hungry.

You visited 7 branches of the dungeon, and saw 38 of its levels.
You also visited: Labyrinth, Trove, Ossuary and Ice Cave.

You collected 5079 gold pieces.
You spent 304 gold pieces at shops.

Inventory:

Hand Weapons
 a - a +1 demon whip of draining
 b - a +6 antimagic eveningstar (weapon)
 z - the +8 flail of Immorality {crush, rElec Dex+3}
   (Trog gifted it to you in an ice cave)

   It inflicts extra damage upon your enemies.
   It affects your dexterity (+3).
   It insulates you from electricity.
Missiles
 g - 6 javelins
 C - 7 silver tomahawks
 D - 14 javelins of penetration
 G - 12 steel javelins
 I - 4 javelins of returning
 J - 7 needles of confusion
 L - 9 poisoned tomahawks
 N - 7 tomahawks of dispersal
 O - 24 poisoned javelins
 Q - 8 tomahawks of returning
 S - 24 tomahawks
 V - 12 silver javelins
 X - 48 large rocks (quivered)
Armour
 y - +0 swamp dragon scales (worn)
 H - a +0 large shield (worn)
 W - the +1 cloak of the Hurricane (worn) {rF++ rC- Int+3 Dex+2}
   (You acquired it on level 4 of the Swamp)

   It affects your intelligence (+3).
   It affects your dexterity (+2).
   It greatly protects you from fire.
   It makes you vulnerable to cold.
 Y - the +0 mask of the Dragon (worn) {MR+ Slay+3 SInv}
   (You found it in a labyrinth)

   It affects your accuracy and damage with ranged weapons and melee attacks
   (+3).
   It affects your resistance to hostile enchantments.
   It lets you see invisible.
Jewellery
 j - an uncursed ring of flight
 n - the ring "Axelesh" (left hand) {rC+ Int+2}
   (You found it in a treasure trove)

   [ring of protection from cold]

   It affects your intelligence (+2).
   It protects you from cold.
 A - an amulet of regeneration (around neck)
 K - a ring of resist corrosion (right hand)
 M - the ring of Desertification {Wiz rElec Int+3}
   (You found it on level 6 of the Lair of Beasts)

   [ring of wizardry]

   It improves your spell success rate.
   It affects your intelligence (+3).
   It insulates you from electricity.
 T - the ring of Xidde {rPois MP+9}
   (You found it on level 4 of the Swamp)

   [ring of magical power]

   It protects you from poison.
   It affects your magic capacity (+9).
Wands
 p - a wand of teleportation (7/9)
 t - a wand of digging (11/24)
 E - a wand of disintegration (10/24)
 P - a wand of hasting (6/9)
Scrolls
 e - 8 scrolls of teleportation
 k - 5 scrolls of recharging
 o - 19 scrolls of remove curse
 r - 5 scrolls of enchant armour
 w - a scroll of blinking
 U - 12 scrolls of identify
 Z - 4 scrolls of fog
Potions
 d - 3 potions of might
 f - 12 potions of curing
 h - 6 potions of heal wounds
 i - 2 potions of agility
 l - 3 potions of resistance
 q - 3 potions of invisibility
 s - 2 potions of cure mutation
Comestibles
 c - 21 bread rations
 m - a slice of pizza
 u - 5 beef jerkies
 v - 6 chunks of flesh
 x - 12 meat rations
 B - 31 fruits


   Skills:
 + Level 26.6 Fighting
 - Level 16.7 Maces & Flails
 + Level 21.5 Throwing
 + Level 12.8 Armour
 - Level 2.6 Dodging
 - Level 15.0 Shields


You had 21 spell levels left.
You didn't know any spells.

Dungeon Overview and Level Annotations

Branches:
Dungeon (15/15)            Temple (0/1) D:4            Lair (6/6) D:8
  Swamp (4/4) Lair:4       Spider (4/4) Lair:3        Slime (0/5) Lair:6
    Orc (2/2) D:11            Elf (0/3) Orc:2        Vaults (3/5) D:13
  Crypt (0/3) Vaults:2     Depths (4/5) D:15

Altars:
Cheibriados
Fedhas
Gozag
Kikubaaqudgha
Okawaru
Qazlal
Ru
Zin
Beogh
Jiyva

Shops:
D:14 [   D:15 *   Orc:2 *(}   Vaults:1 (

Portals:
Hell: Depths:1 Depths:2 Depths:3 Depths:4
Pandemonium: Depths:3
Ziggurat: Depths:3


Innate Abilities, Weirdness & Mutations

You are too large for most types of armour.
You have tough skin. (AC +1)
You are partially covered in icy blue scales. (AC +2)
You possess an exceptional clarity of mind.
Your system is resistant to poisons. (rPois)


Message History

The deep troll earth mage claws you but does no damage.
You completely miss the deep troll earth mage.
The deep troll earth mage is moderately wounded.
You bludgeon the deep troll earth mage!!
The deep troll earth mage's magic leaks into the air.
The deep troll earth mage is almost dead.
The deep troll earth mage bites you but does no damage.
The deep troll earth mage claws you but does no damage. x2
The frost giant casts a spell at you. The bolt of cold hits you!
* * * LOW HITPOINT WARNING * * *
You closely miss the deep troll earth mage.
The deep troll earth mage is almost dead.
The deep troll earth mage bites you but does no damage.
You block the deep troll earth mage's attack. x2
You hit the deep troll earth mage but do no damage.
The deep troll earth mage is severely wounded.
The frost giant gestures at you while chanting.
The bolt of cold hits you!
You die... ███ ..█ █.█ █.█ █.███ ....█ ....█ ███ ....█ ..(███ █████

.(..█ .██(..███@C.██
....███.█.....█..T..█
........█.....[.)...█
......███....†.()..(█
......█ ██...█(█...█(█
......████████.█████.█
................█ █
.=...∩.████.....█
.......█ █.....█


You could see a frost giant and a deep troll earth mage.

Vanquished Creatures
  Mara (Spider:2)
  the Lernaean hydra (Swamp:4)
  Jory (Depths:2)
  Arachne (Spider:3)
  2 liches (Depths:4)
  The ghost of Chiseanne the Eclecticist, an adept DsWz of Vehumet (Vaults:3)
  An Ice Fiend (IceCv)
  A sphinx (Vaults:3)
  A shadow dragon (Depths:4)
  Gastronok (Lair:2)
  4 thorn hunters
  3 fire giants
  2 frost giants
  7 vault wardens
  An orc warlord (Orc:1)
  6 emperor scorpions
  Louise (Swamp:2)
  Aizul (Depths:2)
  7 ghost moths
  10 ironheart preservers
  10 stone giants
  17 very ugly things
  3 entropy weavers
  A deep elf demonologist (Vaults:2)
  6 vampire knights
  A deep elf annihilator (Vaults:2)
  2 spark wasps
  The ghost of confidenceinterval the Fighter, a journeyman MiGl of Hepliaklqana (D:13)
  A deep elf death mage (Vaults:2)
  10 fire dragons
  A minotaur (Lab)
  11 ettins
  6 great orbs of eyes
  8 yaktaur captains
  Harold (Orc:1)
  6 jiangshi (Depths:2)
  2 rakshasas
  19 hydras
  4 spriggan air magi
  8 vault guards
  A catoblepas (Lair:6)
  Fannar (Lair:3)
  A hell beast (Depths:1)
  3 ice dragons
  7 centaur warriors
  4 alligators
  2 ghost crabs (Swamp:4)
  4 death knights
  5 vampire magi (Depths:2)
  13 ogre magi
  A death yak (Lair:4)
  A queen ant (Lair:3)
  A tengu warrior (Depths:1)
  2 deep troll shamans (Depths:1)
  4 deep troll earth magi
  A spriggan berserker (Depths:3)
  5 spriggans
  7 deep elf knights
  Nergalle (D:10)
  10 skeletal warriors
  A shadow wraith (Vaults:2)
  13 deep trolls
  4 wizards
  4 unseen horrors
  4 glowing orange brains
  2 shambling mangroves
  10 swamp dragons
  A deep troll (shapeshifter) (Vaults:1)
  4 deep elf archers
  An unseen horror (shapeshifter) (Vaults:2)
  14 phantasmal warriors
  A harpy (shapeshifter) (Vaults:3)
  16 orc knights
  7 hill giants
  26 orb spiders
  13 ironbrand convokers
  4 necromancers
  2 orc sorcerers (D:15)
  2 frost giant zombies (Depths:2)
  4 fire giant zombies (Depths:2)
  10 deep elf magi
  59 ugly things
  A stone giant zombie (Vaults:2)
  2 human skeletons (Vaults:1)
  3 moths of wrath
  9 manticores
  A salamander (shapeshifter) (Depths:1)
  27 wolf spiders
  Maurice (Orc:1)
  2 guardian serpents (shapeshifter)
  8 cyclopes
  4 elephants
  14 vault sentinels
  A naga mage (D:15)
  A rust devil (Depths:1)
  An ice statue (IceCv)
  A fire giant skeleton (Vaults:3)
  A frost giant skeleton (Vaults:1)
  7 black mambas
  A centaur zombie (D:15)
  4 torpor snails
  Joseph (Lair:1)
  15 spiny frogs
  5 rime drakes
  9 komodo dragons
  42 yaktaurs
  12 demonic crawlers
  8 freezing wraiths
  A yaktaur zombie (Vaults:3)
  3 anaconda simulacra (IceCv)
  An efreet (D:14)
  7 ice devils
  A polar bear (shapeshifter) (Vaults:1)
  A meliai (shapeshifter) (Vaults:2)
  A polar bear (Lair:2)
  A tengu simulacrum (Vaults:3)
  2 golden dragon simulacra (IceCv)
  A jumping spider (shapeshifter) (Depths:1)
  45 jumping spiders
  3 meliai (D:15)
  A merfolk (shapeshifter) (Vaults:1)
  5 trolls
  A hornet (shapeshifter) (Depths:1)
  4 tyrant leeches
  A two-headed ogre (shapeshifter) (D:15)
  Grinder (D:6)
  17 hornets
  25 two-headed ogres
  A dream sheep (Lair:6)
  16 blink frogs
  A fire giant simulacrum (Vaults:2)
  7 hippogriffs
  8 bog bodies
  60 slime creatures
  20 flying skulls
  5 air elementals (Depths:3)
  A shadow (D:15)
  3 centaur simulacra
  5 wyverns
  105 redbacks
  A vampire (D:15)
  45 tarantellas
  A basilisk (shapeshifter) (Depths:3)
  5 wraiths
  5 water elementals
  12 yaks
  A dire elephant simulacrum (IceCv)
  A human (D:7)
  A hog (shapeshifter) (Vaults:1)
  A golden eye (shapeshifter) (Vaults:3)
  11 basilisks
  4 hogs (D:7)
  Eustachio (D:6)
  A death yak simulacrum (IceCv)
  3 steam dragons
  13 vampire mosquitoes
  3 human simulacra
  A yaktaur simulacrum (Vaults:3)
  7 hungry ghosts
  Menkaure (D:6)
  7 mottled dragons
  4 harpy simulacra (IceCv)
  11 wargs
  13 insubstantial wisps
  24 swamp worms
  9 soldier ants
  3 hydra simulacra (IceCv)
  10 water moccasins
  6 porcupines
  A hell hound (Depths:1)
  2 floating eyes
  34 orc warriors
  A sky beast (shapeshifter) (Vaults:3)
  13 swamp drakes
  2 ice beasts
  4 sky beasts
  2 ettin simulacra (IceCv)
  3 black bears
  A phantom (D:7)
  12 wolves
  8 boggarts
  21 crocodiles
  47 ogres
  11 centaurs
  2 big kobolds (D:11)
  33 bullfrogs
  2 earth elementals (Lab)
  2 scorpions
  A wyvern skeleton (D:13)
  A killer bee (D:9)
  A swamp dragon simulacrum (IceCv)
  An elephant simulacrum (IceCv)
  7 electric eels
  6 howler monkeys
  2 vampire bats (D:2)
  The ghost of Xiguana the Charmwright, a weakling HESk (D:3)
  6 crimson imps
  A bullfrog zombie (D:10)
  2 draconian simulacra (IceCv)
  A quasit (D:8)
  3 human zombies
  15 orc priests
  2 hounds
  2 jellies
  A gnoll shaman (D:5)
  18 orc wizards
  6 bullfrog skeletons
  5 centaur skeletons
  6 iguanas
  12 hell rats (Lair:4)
  5 troll simulacra (IceCv)
  33 worker ants
  A polar bear simulacrum (IceCv)
  2 wolf simulacra (IceCv)
  A hound zombie (D:6)
  8 mummies (Ossuary)
  2 worker ant zombies
  13 gnolls
  11 adders
  5 naga simulacra (IceCv)
  15 river rats
  A shadow imp (D:6)
  4 white imps (IceCv)
  3 ufetubi (IceCv)
  An ooze (D:2)
  An adder zombie (D:5)
  An adder skeleton (D:9)
  4 worms
  5 leopard geckos
  105 orcs
  4 bats
  3 bat skeletons (D:2)
  2 bat zombies (D:2)
  7 giant cockroaches
  2 gnoll zombies (Ossuary)
  4 goblins
  9 hobgoblins
  11 jackals
  4 quokkas
  3 frilled lizards
  A goblin zombie (D:6)
  2 hobgoblin zombies (Ossuary)
  17 kobolds
  3 kobold zombies (Ossuary)
  A leopard gecko skeleton (D:7)
  An orc zombie (Ossuary)
  15 rats
  3 briar patches (Swamp:2)
  A fungus (Lair:3)
  A plant (Lair:4)
1803 creatures vanquished.

Vanquished Creatures (collateral kills)
  The ghost of Charly the Black Belt, an adept TeTm of Zin (Vaults:1)
  A ghost crab (Swamp:3)
  An alligator (Swamp:2)
  A spriggan druid (Swamp:2)
  A flayed ghost (Vaults:1)
  5 orc knights
  An orb spider (Spider:1)
  2 ugly things (Vaults:1)
  A troll (Vaults:1)
  2 jumping spiders (Spider:1)
  A tarantella (Spider:1)
  2 spriggans (Swamp:2)
  2 redbacks (Spider:1)
  An insubstantial wisp (Swamp:4)
  A water moccasin (shapeshifter) (Depths:2)
  A swamp drake (Swamp:4)
  7 ogres
  13 orc warriors
  An orc priest (Orc:1)
  An orc wizard (Orc:1)
  19 orcs
65 creatures vanquished.

Vanquished Creatures (others)
  A hydra (Swamp:4)
  A vault sentinel (Vaults:3)
  A yaktaur (Vaults:3)
  7 fungi
  20 plants
30 creatures vanquished.

Grand Total: 1898 creatures vanquished

Notes
Turn   | Place    | Note
-------+----------+-------------------------------------------
     0 | D:1      | nht the Ogre Berserker began the quest for the Orb.
     0 | D:1      | Reached XP level 1. HP: 24/24 MP: 1/1
   101 | D:1      | Reached XP level 2. HP: 3/32 MP: 2/2
   355 | D:1      | Reached skill level 5 in Maces & Flails
   661 | D:2      | Reached XP level 3. HP: 39/39 MP: 3/3
   694 | D:2      | Found an iron altar of Okawaru.
  1082 | D:2      | Reached ** piety under Trog
  1090 | D:2      | Found an ancient bone altar of Kikubaaqudgha.
  1098 | D:2      | Reached XP level 4. HP: 24/48 MP: 4/4
  1105 | D:2      | Reached XP level 5. HP: 33/54 MP: 5/5
  1514 | D:3      | Noticed Xiguana's ghost (weakling HESk)
  1522 | D:3      | Killed Xiguana's ghost
  1522 | D:3      | Reached XP level 6. HP: 62/62 MP: 6/6
  2281 | D:4      | Found a staircase to the Ecumenical Temple.
  2476 | D:4      | Reached skill level 10 in Maces & Flails
  2476 | D:4      | Reached XP level 7. HP: 56/70 MP: 7/7
  2865 | D:5      | Entered Level 5 of the Dungeon
  2894 | D:5      | Reached *** piety under Trog
  3634 | D:6      | Reached XP level 8. HP: 71/78 MP: 8/8
  3675 | D:6      | Reached skill level 5 in Fighting
  3742 | D:6      | Noticed Eustachio
  3750 | D:6      | Killed Eustachio
  3750 | D:6      | Reached skill level 6 in Fighting
  3755 | D:6      | Reached skill level 7 in Fighting
  3769 | D:6      | Reached skill level 8 in Fighting
  3791 | D:6      | Found a sand-covered staircase.
  3833 | Ossuary  | Entered an ossuary
  3851 | Ossuary  | Reached **** piety under Trog
  3903 | Ossuary  | Reached skill level 1 in Throwing
  4167 | Ossuary  | Gained mutation: You possess an exceptional clarity of mind. [potion of beneficial mutation]
  4168 | Ossuary  | Gained mutation: You are partially covered in icy blue scales. (AC +2) [potion of beneficial mutation]
  4219 | D:6      | Received a gift from Trog
  4219 | D:6      | Reached XP level 9. HP: 97/97 MP: 9/9
  4272 | D:6      | Noticed Grinder
  4274 | D:6      | Noticed Menkaure
  4277 | D:6      | Killed Menkaure
  4277 | D:6      | Reached skill level 9 in Fighting
  4287 | D:6      | Killed Grinder
  4613 | D:7      | Reached skill level 10 in Fighting
  4624 | D:7      | Reached skill level 5 in Throwing
  4728 | D:7      | Reached skill level 11 in Fighting
  4896 | D:7      | Reached XP level 10. HP: 113/114 MP: 10/10
  5141 | D:7      | Found a glowing silver altar of Zin.
  5373 | D:8      | Found a staircase to the Lair.
  5407 | D:8      | Identified a +0 rod of clouds (9/9) (You found it on level 8 of the Dungeon)
  5708 | D:8      | Received a gift from Trog
  5708 | D:8      | Reached skill level 12 in Fighting
  5754 | D:8      | Found a snail-covered altar of Cheibriados.
  6229 | D:9      | Reached skill level 1 in Shields
  6249 | D:9      | Found a sacrificial altar of Ru.
  6695 | D:9      | Found an opulent altar of Gozag.
  6695 | D:9      | Found a stormy altar of Qazlal.
  6886 | D:10     | Entered Level 10 of the Dungeon
  7002 | D:10     | Noticed a hill giant
  7014 | D:10     | Killed a hill giant
  7086 | D:10     | Noticed Nergalle
  7093 | D:10     | Killed Nergalle
  7093 | D:10     | Reached ***** piety under Trog
  7279 | D:10     | Reached skill level 5 in Shields
  7377 | D:10     | Got an ominously black robe
  7388 | D:10     | Identified the +1 robe of Agnosticism {MR+ Str+2} (You found it on level 10 of the Dungeon)
  7411 | D:10     | Found a portal to a secret trove of treasure.
  7482 | D:10     | Received a gift from Trog
  7482 | D:10     | Reached XP level 11. HP: 123/123 MP: 11/11
  7487 | D:10     | Found a blossoming altar of Fedhas.
  7666 | D:11     | Noticed a six-headed hydra
  7715 | D:11     | Killed a six-headed hydra
  7780 | D:11     | Received a gift from Trog
  7846 | D:11     | Found a staircase to the Orcish Mines.
  7924 | D:11     | Noticed a manticore
  7929 | D:11     | Killed a manticore
  8042 | D:11     | Killed an unseen horror
  8282 | D:11     | Noticed a cyan ugly thing
  8283 | D:11     | Noticed a hill giant
  8295 | D:11     | Killed a cyan ugly thing
  8300 | D:11     | Killed a hill giant
  8695 | Lair:1   | Entered Level 1 of the Lair of Beasts
  9029 | Lair:1   | Reached skill level 10 in Shields
  9062 | Lair:1   | Reached XP level 12. HP: 132/132 MP: 12/12
  9110 | Lair:1   | Noticed Joseph
  9113 | Lair:1   | Killed Joseph
  9179 | Lair:1   | Noticed a six-headed hydra
  9183 | Lair:1   | Killed a six-headed hydra
  9658 | Lair:2   | Reached XP level 13. HP: 140/140 MP: 13/13
  9863 | Lair:2   | Noticed Gastronok
  9871 | Lair:2   | Killed Gastronok
  9871 | Lair:2   | Received a gift from Trog
 10538 | Lair:3   | Found a labyrinth entrance.
 10549 | Lab      | Entered a labyrinth
 10662 | Lab      | Received a gift from Trog
 10781 | Lab      | Noticed a minotaur
 10794 | Lab      | Killed a minotaur
 10930 | Lair:3   | Reached skill level 13 in Fighting
 11162 | Lair:3   | Found a hole to the Spider Nest.
 11187 | Lair:3   | Noticed Fannar
 11198 | Lair:3   | Killed Fannar
 11505 | Lair:3   | Reached XP level 14. HP: 153/153 MP: 14/14
 12002 | Lair:4   | Reached ****** piety under Trog
 12058 | Lair:4   | Found a staircase to the Swamp.
 12199 | Lair:4   | Received a gift from Trog
 12402 | Lair:4   | Reached skill level 10 in Throwing
 12496 | Lair:4   | Got a heavily runed pewter amulet
 13680 | Lair:6   | Entered Level 6 of the Lair of Beasts
 13681 | Lair:6   | Reached skill level 14 in Fighting
 13884 | Lair:6   | Found a staircase to the Slime Pits.
 13885 | Lair:6   | Found a viscous altar of Jiyva.
 14496 | Lair:6   | Got a brightly glowing turquoise ring
 14935 | Lair:6   | Received a gift from Trog
 15511 | Orc:1    | Entered Level 1 of the Orcish Mines
 15515 | Orc:1    | Received a gift from Trog
 15579 | Orc:1    | Noticed Maurice
 15579 | Orc:1    | Noticed Harold
 15597 | Orc:1    | Killed Maurice
 15608 | Orc:1    | Killed Harold
 15700 | Orc:1    | Received a gift from Trog
 15717 | Orc:1    | Reached XP level 15. HP: 155/165 MP: 15/15
 15745 | Orc:1    | Noticed an orc warlord
 15776 | Orc:1    | You fall through a shaft!
 15776 | Orc:2    | Entered Level 2 of the Orcish Mines
 15806 | Orc:1    | Killed an orc warlord
 16036 | Orc:1    | Received a gift from Trog
 16036 | Orc:1    | Reached skill level 15 in Fighting
 16333 | Orc:2    | Found Feqepaps's Gadget Emporium.
 16383 | Orc:2    | Identified a +4 rod of ignition (9/9) (You took it off a minotaur in a labyrinth)
 16423 | Orc:2    | Found Nyreuw's Antique Weapon Boutique.
 16430 | Orc:2    | Found a roughly hewn altar of Beogh.
 16559 | Orc:2    | Found Raotod's Assorted Antiques.
 16856 | Orc:2    | Found a staircase to the Elven Halls.
 16968 | Orc:2    | Received a gift from Trog
 16994 | Orc:2    | Found Uddiut's Armour Boutique.
 17355 | D:12     | Identified a +0 rod of inaccuracy (12/12) (You found it on level 12 of the Dungeon)
 17370 | D:12     | Received a gift from Trog
 17454 | D:12     | Identified the ring of Desertification {Wiz rElec Int+3} (You found it on level 6 of the Lair of Beasts)
 17734 | D:12     | Reached skill level 15 in Shields
 18125 | D:13     | Noticed confidenceinterval's ghost (journeyman MiGl)
 18133 | D:13     | Killed confidenceinterval's ghost
 18133 | D:13     | Reached skill level 1 in Armour
 18296 | D:13     | Found a gate to the Vaults.
 18342 | D:13     | Received a gift from Trog
 19346 | D:14     | Found Doppuo Zoxo's Armour Shop.
 19450 | D:15     | Entered Level 15 of the Dungeon
 19643 | D:15     | Found Huisadai's Blood Bar.
 19678 | D:15     | Reached skill level 16 in Fighting
 19796 | D:15     | Reached XP level 16. HP: 142/179 MP: 16/16
 19845 | D:15     | Received a gift from Trog
 19862 | D:15     | Found a staircase to the Depths.
 20082 | D:15     | Received a gift from Trog
 20372 | D:15     | Bought a +1 vampiric morningstar for 304 gold pieces
 20624 | Spider:1 | Entered Level 1 of the Spider Nest
 21053 | Swamp:1  | Entered Level 1 of the Swamp
 22012 | Swamp:2  | Noticed Louise
 22016 | Swamp:2  | Noticed a thorn hunter
 22025 | Swamp:2  | Killed Louise
 22025 | Swamp:2  | Reached skill level 15 in Throwing
 22039 | Swamp:2  | Killed a thorn hunter
 22042 | Swamp:2  | Reached skill level 5 in Armour
 22366 | Swamp:2  | Noticed a thorn hunter
 22377 | Swamp:2  | Killed a thorn hunter
 22393 | Swamp:2  | Reached skill level 17 in Fighting
 22396 | Swamp:2  | Received a gift from Trog
 22438 | Swamp:2  | Identified the amulet "Jesa Mek" {Harm *Drain rPois Str+2 Slay+3} (You found it on level 4 of the Lair of Beasts)
 22817 | Swamp:2  | Noticed a thorn hunter
 22836 | Swamp:2  | Killed a thorn hunter
 23276 | Swamp:3  | Found a frozen archway.
 23379 | IceCv    | Entered an ice cave
 24243 | IceCv    | Noticed an Ice Fiend
 24676 | IceCv    | Reached XP level 17. HP: 192/192 MP: 17/17
 24826 | IceCv    | Received a gift from Trog
 24827 | IceCv    | Got an iridescent flail {god gift}
 24829 | IceCv    | Identified the +8 flail of Immorality {crush, rElec Dex+3} (Trog gifted it to you in an ice cave)
 24898 | IceCv    | Killed an Ice Fiend
 24925 | IceCv    | Identified a +3 rod of ignition (10/10) (You found it in an ice cave)
 25892 | Swamp:4  | Entered Level 4 of the Swamp
 26162 | Swamp:4  | Noticed the 27-headed Lernaean hydra
 26428 | Swamp:4  | Got a transparent lead ring
 26429 | Swamp:4  | Identified the ring of Xidde {rPois MP+9} (You found it on level 4 of the Swamp)
 26530 | Swamp:4  | Received a gift from Trog
 26585 | Swamp:4  | Got a decaying rune of Zot
 26586 | Swamp:4  | Identified a scroll of acquirement
 26587 | Swamp:4  | Got a twisted cloak
 26598 | Swamp:4  | Identified the +1 cloak of the Hurricane {rF++ rC- Int+3 Dex+2} (You acquired it on level 4 of the Swamp)
 26740 | Swamp:4  | Reached skill level 18 in Fighting
 26783 | Swamp:4  | Killed the 27-headed Lernaean hydra
 26783 | Swamp:4  | Received a gift from Trog
 27593 | D:10     | You paid a toll of a +6 demon whip to enter a treasure trove
 27594 | Trove    | Entered a treasure trove
 27602 | Trove    | Got a transparent marble ring
 27607 | Trove    | Got a scintillating turquoise ring
 27612 | Trove    | Got a slimy marble ring
 27615 | Trove    | Identified the ring "Jara" {*Corrode Int+6 Stlth+} (You found it in a treasure trove)
 27616 | Trove    | Identified the ring "Axelesh" {rC+ Int+2} (You found it in a treasure trove)
 27623 | Trove    | Got a sparkling lapis lazuli ring
 27632 | Trove    | Got a fine zirconium amulet
 27639 | Trove    | Got a steaming tin amulet
 27643 | Trove    | Got a brightly glowing garnet amulet
 27645 | Trove    | Got a bound ivory ring
 27650 | Trove    | Got a fine silver ring
 27767 | Vaults:1 | Entered Level 1 of the Vaults
 27948 | Vaults:1 | Found Xuidd's Weapon Shop.
 28015 | Vaults:1 | Noticed Charly's ghost (adept TeTm)
 28023 | Vaults:1 | Killed Charly's ghost
 28362 | Vaults:1 | Received a gift from Trog
 28418 | Vaults:1 | Reached XP level 18. HP: 191/205 MP: 18/18
 28582 | Vaults:1 | Identified the ring "Exzomec" {Int+2 Dex+4} (You found it in a treasure trove)
 28759 | Vaults:1 | fucking wardens
 28879 | Vaults:1 | Reached skill level 19 in Fighting
 28900 | Vaults:1 | Identified the ring "Zannuof" {*Slow rC+ MP+9 EV+2 Int+4} (You found it in a treasure trove)
 28902 | Vaults:1 | Identified the ring "Sismawaq" {Slay+5 SInv} (You found it in a treasure trove)
 28903 | Vaults:1 | Identified the ring "Mifih" {Fire Int+7} (You found it in a treasure trove)
 28905 | Vaults:1 | Identified the amulet "Coh Jank" {+Rage Str+3} (You found it in a treasure trove)
 28927 | Vaults:1 | Received a gift from Trog
 29339 | Vaults:1 | Received a gift from Trog
 30308 | Vaults:1 | Identified the amulet "Xomoror" {RegenMP rF+ rC+ SInv Stlth+} (You found it in a treasure trove)
 30617 | Vaults:2 | Received a gift from Trog
 30721 | Vaults:2 | Reached XP level 19. HP: 205/217 MP: 19/19
 30891 | Vaults:2 | Found a staircase to the Crypt.
 31084 | Vaults:2 | where the penetration trog?
 31341 | Vaults:2 | Received a gift from Trog
 32006 | Vaults:2 | Reached skill level 20 in Fighting
 32619 | Vaults:3 | Reached skill level 10 in Armour
 32698 | Vaults:3 | Noticed Chiseanne's ghost (adept DsWz)
 32699 | Vaults:3 | Received a gift from Trog
 32721 | Vaults:3 | Killed Chiseanne's ghost
 32749 | Vaults:3 | Received a gift from Trog
 32806 | Vaults:3 | Received a gift from Trog
 32972 | Vaults:3 | Received a gift from Trog
 33344 | Vaults:3 | Identified the amulet "Ogunogaf" {Gourm *Contam rPois rF- Str+7} (You found it in a treasure trove)
 33346 | Vaults:3 | bad trade demon whip for crap jewellery
 33372 | Vaults:3 | Received a gift from Trog
 33788 | Vaults:3 | Reached XP level 20. HP: 231/231 MP: 20/20
 33852 | Vaults:3 | Received a gift from Trog
 34433 | Spider:1 | Gained mutation: Your system is resistant to poisons. (rPois) [potion of beneficial mutation]
 34504 | Spider:1 | Received a gift from Trog
 35664 | Spider:2 | Reached skill level 15 in Maces & Flails
 36167 | Spider:3 | Noticed Arachne
 36232 | Spider:3 | Noticed Mara
 36306 | Spider:2 | Received a gift from Trog
 36574 | Spider:2 | Received a gift from Trog
 36786 | Spider:2 | Killed Mara
 36885 | Spider:3 | Killed Arachne
 36885 | Spider:3 | Reached skill level 21 in Fighting
 37256 | Spider:3 | Received a gift from Trog
 37392 | Spider:4 | Entered Level 4 of the Spider Nest
 38046 | Spider:4 | Reached XP level 21. HP: 239/244 MP: 0/21
 38052 | Spider:4 | Reached skill level 22 in Fighting
 38133 | Spider:4 | Received a gift from Trog
 38238 | Spider:4 | Reached skill level 23 in Fighting
 38629 | Spider:4 | Reached skill level 24 in Fighting
 38716 | Spider:4 | Got a gossamer rune of Zot
 39521 | Depths:1 | Entered Level 1 of the Depths
 39597 | Depths:1 | Received a gift from Trog
 39597 | Depths:1 | Reached skill level 25 in Fighting
 39945 | Depths:1 | Found a gateway to Hell.
 40189 | Depths:1 | Received a gift from Trog
 40600 | Depths:2 | wtf is engulf anyway
 40658 | Depths:1 | Received a gift from Trog
 40814 | Depths:1 | Received a gift from Trog
 40993 | Depths:2 | Received a gift from Trog
 40993 | Depths:2 | Reached XP level 22. HP: 112/270 MP: 7/22
 41063 | Depths:2 | Received a gift from Trog
 41313 | Depths:2 | Reached skill level 26 in Fighting
 41519 | Depths:2 | Noticed Aizul
 41527 | Depths:2 | Killed Aizul
 41691 | Depths:2 | Noticed Jory
 41724 | Depths:2 | Killed Jory
 41756 | Depths:2 | Found an ancient bone altar of Kikubaaqudgha.
 42080 | Depths:3 | Found a one-way gate leading to the halls of Pandemonium.
 42201 | Depths:3 | Received a gift from Trog
 42223 | Depths:3 | Found a gateway to a ziggurat.
 43423 | Depths:4 | Killed from afar by a frost giant

Skill      XL: |  1  2  3  4  5  6  7  8  9 10 11 12 13 14 15 16 17 18 19 20 21 22 |
---------------+-------------------------------------------------------------------+-----
Maces & Flails | 5 6 7 8 10 11 12 13 14 16 | 16.7
Fighting       | 8 11 12 13 14 16 17 18 19 20 21 25 26 | 26.6
Throwing       | 2 6 8 9 11 13 15 17 18 19 20 21 | 21.5
Shields        | 5 10 13 14 15 | 15.0
Armour         | 3 5 7 9 10 11 12 | 12.8
Dodging        | |  2.6

Action                   |  1- 3 |  4- 6 |  7- 9 | 10-12 | 13-15 | 16-18 | 19-21 | 22-24 || total
-------------------------+-------+-------+-------+-------+-------+-------+-------+-------++-------
Melee: Mace              |   113 |    16 |       |       |       |       |       |       ||   129
       Flail             |       |    63 |       |       |       |       |       |       ||    63
       Whip              |       |    40 |   305 |   539 |  1323 |   725 |   646 |       ||  3578
       Morningstar       |       |       |       |       |       |   308 |       |       ||   308
       Demon whip        |       |       |       |       |       |   411 |       |       ||   411
       Eveningstar       |       |       |       |       |       |       |   725 |   252 ||   977
Throw: Large rock        |       |       |     8 |    37 |    62 |   170 |   509 |   159 ||   945
       Javelin           |       |       |     3 |       |    54 |     9 |     9 |       ||    75
       Tomahawk          |       |       |       |       |   255 |   218 |    35 |       ||   508
Invok: Berserk           |     4 |     4 |     4 |     3 |    11 |    21 |     8 |     1 ||    56
       Burn Spellbooks   |       |       |       |     4 |       |     4 |       |     4 ||    12
       Brothers in Arms  |       |       |       |       |     4 |    10 |     1 |       ||    15
       Trog's Hand       |       |       |       |       |     2 |    13 |     3 |     2 ||    20
 Abil: Evoke Flight      |       |       |       |       |       |       |     1 |       ||     1
Evoke: Wand              |       |       |       |       |     6 |     6 |     1 |     1 ||    14
       Rod               |       |       |       |       |     1 |       |       |       ||     1
  Use: Potion            |     1 |       |     2 |     1 |     1 |    15 |     3 |       ||    23
       Scroll            |       |     1 |    24 |    10 |     8 |    28 |     8 |     5 ||    84
 Stab: Sleeping          |       |       |     1 |     1 |     1 |       |       |       ||     3
       Distracted        |       |       |       |       |       |     1 |     1 |     1 ||     3
       Confused          |       |       |       |       |       |     1 |       |       ||     1
  Eat: Chunk             |     5 |     8 |    11 |    18 |    42 |    42 |    43 |    10 ||   179
       Meat ration       |       |       |       |       |     1 |       |       |       ||     1
       Pizza             |       |       |       |       |       |    13 |       |       ||    13
       Beef jerky        |       |       |       |       |       |     3 |       |       ||     3
       Royal jelly       |       |       |       |       |       |     2 |       |       ||     2
       Fruit             |       |       |       |       |       |     1 |       |       ||     1
Armor: Animal skin       |    41 |    42 |     3 |       |       |       |       |       ||    86
       Robe              |       |       |    29 |    72 |    89 |    83 |       |       ||   273
       Swamp dragon scal |       |       |       |       |       |    59 |   313 |    35 ||   407
Dodge: Dodged            |    84 |    79 |    85 |    75 |   143 |   202 |   248 |    42 ||   958
Block: Large shield      |       |       |       |   210 |   799 |  1063 |  1173 |   189 ||  3434
